 Dungeon Crawl Stone Soup version 0.21.1-1-g345015f (webtiles) character file.

68 Kairos the Magician (level 4, -5/31 HPs)
             Began as a Mummy Wizard on Apr 3, 2018.
             Slain by a river rat (6 damage)
             ... in a sewer.
             The game lasted 00:04:59 (2615 turns).

Kairos the Magician (Mummy Wizard)                  Turns: 2615, Time: 00:05:00

Health: -5/31      AC:  6    Str: 10    XL:     4   Next: 1%
Magic:  8/20       EV: 11    Int: 17    God:
Gold:   112        SH:  0    Dex: 11    Spells: 11/14 levels left

rFire    x . .     SeeInvis .   f - +0 mace
rCold    + . .     Gourm    .   (no shield)
rNeg     + + +     Faith    .   l - +3 leather armour
rPois    ∞         Spirit   .   b - +0 hat
rElec    .         Reflect  .   (no cloak)
rCorr    .         Harm     .   (no gloves)
MR       .....                  (no boots)
Stlth    +.........             (no amulet)
HPRegen  0.10/turn              g - ring of magical power
MPRegen  0.17/turn              (no ring)

@: very slightly contaminated
A: no food or potions, fire vulnerability, cold resistance 1, negative energy
resistance 3, torment resistance, unbreathing
a: no special abilities


You were in a sewer.
You were not hungry.

You visited 1 branch of the dungeon, and saw 3 of its levels.
You also visited: Sewer.

You collected 112 gold pieces.

Inventory:

Hand Weapons
 e - a +0 club
 f - a +0 mace (weapon)
Armour
 a - a +0 robe
 b - a +0 hat (worn)
 l - a +3 leather armour (worn)
Jewellery
 g - a ring of magical power (left hand)
Scrolls
 d - 2 scrolls of blinking {unknown}
 j - a scroll of fear {unknown}
 k - a scroll of remove curse
 m - a scroll of amnesia {unknown}
 n - a scroll of identify {unknown}
Books
 c - a book of Minor Magic

   Spells                             Type                      Level
   a - Magic Dart                     Conjuration                  1
   b - Blink                          Translocation                2
   c - Call Imp                       Summoning                    2
   d - Slow                           Hexes                        2
   e - Conjure Flame                  Conjuration/Fire             3
   f - Mephitic Cloud                 Conjuration/Poison/Air       3
 h - a book of Cantrips

   Spells                             Type                      Level
   a - Confusing Touch                Hexes                        1
   b - Animate Skeleton               Necromancy                   1
   c - Summon Small Mammal            Summoning                    1
   d - Apportation                    Translocation                1


   Skills:
 + Level 0.3 Fighting
 + Level 0.1 Maces & Flails
 + Level 0.1 Armour
 + Level 2.0 Dodging
 + Level 1.7 Stealth
 + Level 5.5 Spellcasting
 + Level 1.0 Conjurations
   Level 0.7 Summonings
 + Level 0.7 Translocations


You had 11 spell levels left.
You knew the following spells:

 Your Spells              Type           Power        Failure   Level  Hunger
a - Magic Dart            Conj           #...         12%         1    N/A
b - Blink                 Tloc           N/A          21%         2    N/A

Dungeon Overview and Level Annotations

Branches:
Dungeon (3/15)

Altars:
Fedhas


Innate Abilities, Weirdness & Mutations

You do not eat or drink.
Your flesh is vulnerable to fire.
You are immune to poison.
Your flesh is cold resistant. (rC+)
You are immune to negative energy. (rN+++)
You are immune to unholy pain and torment.
You can survive without breathing.


Message History

You miscast Magic Dart.
You are very lightly contaminated with residual magic.
Nothing appears to happen.
The rat barely misses you. The river rat barely misses you.
Casting: Magic Dart
Confirm with . or Enter, or press ? or * to list all spells.
Aiming: Magic Dart
Press: ? - help, Shift-Dir - straight line, f/p - river rat
Aim: a river rat (lightly wounded)
You miscast Magic Dart.
Nothing appears to happen.
The rat closely misses you. The river rat completely misses you.
Casting: Magic Dart
Confirm with . or Enter, or press ? or * to list all spells.
Aiming: Magic Dart
Press: ? - help, Shift-Dir - straight line, f/p - river rat
Aim: a river rat (lightly wounded)
The magic dart hits the river rat.
The river rat is lightly wounded.
The rat splashes around in the water.
The river rat bites you.
You die...

##############
#∩∩≈≈≈≈.......
###≈≈rr######
##≈@## ####


You could see a river rat and a rat.

Vanquished Creatures
  3 adders
  3 dart slugs (D:2)
  A leopard gecko (D:3)
  An orc (D:3)
  2 giant cockroaches
  4 goblins
  4 hobgoblins
  2 kobolds
  3 ball pythons (D:3)
  3 bats (D:1)
  2 frilled lizards
  8 rats
36 creatures vanquished.

Notes
Turn   | Place    | Note
-------+----------+-------------------------------------------
     0 | D:1      | Kairos the Mummy Wizard began the quest for the Orb.
     0 | D:1      | Reached XP level 1. HP: 13/13 MP: 5/5
   738 | D:1      | Reached XP level 2. HP: 19/19 MP: 4/7
  1024 | D:1      | Learned a level 2 spell: Blink
  1070 | D:2      | Found a blossoming altar of Fedhas.
  1670 | D:2      | Reached skill level 5 in Spellcasting
  1670 | D:2      | Reached XP level 3. HP: 24/24 MP: 9/9
  1814 | D:2      | Reached skill level 1 in Conjurations
  2487 | D:3      | Found a glowing drain.
  2517 | D:3      | Reached XP level 4. HP: 22/31 MP: 0/11
  2596 | Sewer    | Entered a sewer
  2611 | Sewer    | HP: 1/31 [river rat (5)]
  2615 | Sewer    | Slain by a river rat

Skill      XL: |  1  2  3 |
---------------+----------+-----
Spellcasting   | 5 |  5.5
Conjurations   | 1 |  1.0
Dodging        | 2 |  2.0
Fighting       | |  0.3
Maces & Flails | |  0.1
Armour         | |  0.1
Stealth        | |  1.7
Summonings     | |  0.7
Translocations | |  0.7

Action                   |  1- 3 |  4- 6 || total
-------------------------+-------+-------++-------
Melee: Club              |     9 |       ||     9
       Unarmed           |     4 |       ||     4
       Mace              |    17 |     5 ||    22
 Cast: Magic Dart        |    86 |     8 ||    94
  Use: Scroll            |     2 |       ||     2
Armor: Robe              |     5 |       ||     5
       Leather armour    |     9 |     5 ||    14
Dodge: Dodged            |    46 |    11 ||    57
